 Dungeon Crawl Stone Soup version 0.20.1-1-g8b1a95d (webtiles) character file.

4213 Mesmaeker13 the Destroyer (level 10, -14/69 HPs)
             Began as a White Draconian Fire Elementalist on Aug 28, 2017.
             Was a Believer of Sif Muna.
             Demolished by a wyvern (15 damage)
             ... on level 8 of the Dungeon.
             The game lasted 00:23:18 (13417 turns).

Mesmaeker13 the Destroyer (DrFE)                   Turns: 13417, Time: 00:23:19

Health: -14/69     AC:  9    Str: 11    XL:     10   Next: 9%
Magic:  3/19       EV: 14    Int: 19    God:    Sif Muna [**....]
Gold:   449        SH:  5    Dex: 11    Spells: 15/21 levels left

rFire    + . .     SeeInvis +   L - +1 scimitar (flame)
rCold    . . .     Gourm    +   j - +0 buckler
rNeg     . . .     Faith    .   (armour unavailable)
rPois    .         Spirit   .   (helmet restricted)
rElec    .         Reflect  .   (no cloak)
rCorr    .         Harm     .   (no gloves)
MR       .....                  F - +1 pair of boots
Stlth    ++........             G - amulet of the gourmand
Regen    0.3/turn               c - ring of see invisible
MPRegen  0.2/turn               I - ring of fire

@: no status effects
A: breathe frost, unfitting armour, cold resistance 1, cold-blooded, AC +7
a: Breathe Frost, Divine Energy, Renounce Religion


You were on level 8 of the Dungeon.
You worshipped Sif Muna.
Sif Muna was pleased with you.
You were very full.

You visited 2 branches of the dungeon, and saw 9 of its levels.

You collected 449 gold pieces.

Inventory:

Hand Weapons
 A - a +0 dagger of electrocution
 L - a +1 scimitar of flaming (weapon)
Missiles
 u - 4 tomahawks (quivered)
Armour
 j - a +0 buckler (worn)
 F - a +1 pair of boots (worn)
Jewellery
 c - a ring of see invisible (left hand)
 x - an uncursed ring of resist corrosion
 G - an amulet of the gourmand (around neck)
 I - a ring of fire (right hand)
Wands
 M - a wand of paralysis (8/24)
Scrolls
 d - a scroll of magic mapping {unknown}
 e - a scroll of recharging {unknown}
 h - 2 scrolls of enchant armour
 l - 2 scrolls of teleportation {unknown}
 m - a scroll of noise {unknown}
 o - 3 scrolls of blinking
 r - a scroll of fear {unknown}
 v - 2 scrolls of remove curse
 w - a scroll of identify
 y - a scroll of enchant weapon {unknown}
 C - 2 scrolls of amnesia {unknown}
 N - a scroll of fog {unknown}
Potions
 f - 2 potions of berserk rage
 g - a potion of ambrosia {unknown}
 i - 3 potions of might {unknown}
 n - a potion of curing
 p - 2 potions of flight {unknown}
 q - a potion of magic {unknown}
 t - 3 potions of heal wounds {unknown}
 z - a potion of brilliance {unknown}
 B - a potion of lignification {unknown}
 E - 2 potions of haste {unknown}
Books
 a - a book of Flames

   Spells                             Type                      Level
   a - Flame Tongue                   Conjuration/Fire             1
   b - Throw Flame                    Conjuration/Fire             2
   c - Conjure Flame                  Conjuration/Fire             3
   d - Inner Flame                    Hexes/Fire                   3
   e - Sticky Flame                   Conjuration/Fire             4
   f - Fireball                       Conjuration/Fire             5
Comestibles
 b - 2 bread rations
 k - 2 meat rations
 J - a fruit


   Skills:
 + Level 4.8 Dodging
 - Level 1.7 Stealth
 - Level 7.0 Shields
 + Level 6.2 Spellcasting
 + Level 8.4 Conjurations
 - Level 5.0 Fire Magic


You had 15 spell levels left.
You knew the following spells:

 Your Spells              Type           Power        Failure   Level  Hunger
a - Flame Tongue          Conj/Fire      #####        1%          1    None
b - Throw Flame           Conj/Fire      #####.       1%          2    None
c - Conjure Flame         Conj/Fire      #####...     1%          3    ##.....


Dungeon Overview and Level Annotations

Branches:
Dungeon (8/15)             Temple (1/1) D:4            Lair (0/6) D:8

Altars:
Ashenzari
Cheibriados
Elyvilon
Fedhas
Gozag
Hepliaklqana
Kikubaaqudgha
Makhleb
Nemelex Xobeh
Okawaru
Ru
Sif Muna
Trog
Uskayaw
Vehumet
Xom
Yredelemnul
Zin

Annotations:
D:6 Oakoak's ghost, novice SpCj


Innate Abilities, Weirdness & Mutations

You can breathe waves of freezing cold.
You can buffet flying creatures when you breathe cold.
Your icy white scales are hard. (AC +7)
You cannot fit into any form of body armour.
Your flesh is cold resistant. (rC+)
You are cold-blooded and may be slowed by cold attacks.


Message History

Aim: a death yak (almost dead)
You feel a surge of power!
The flame tongue hits the death yak.
The death yak appears unharmed.
The death yak is almost dead.
The death yak gores you.
* * * LOW HITPOINT WARNING * * *
Unknown command.
An orc comes into view. It is wielding a hand axe.
The orc shouts!
Found a staircase to the Lair.
The orc shouts!
The orc priest shouts!
You hear an angry hiss.
The orc hits you with a hand axe!
* * * LOW HITPOINT WARNING * * *
A wyvern comes into view.
The orc priest looks braver for a moment.
The orc priest mumbles some strange prayers to Beogh against you.
You struggle to resist.
The wyvern barely misses you.
You riposte.
You hit the wyvern but do no damage. The wyvern closely misses you.
The wyvern bites you!
You die...

#.# #..# # #.# #.## #.# # #.# #.#
#.# # #.# ###.########.# #
..###..........#.## # ##
#...#.#.#..###.... ##.##<
..#........# #.#.# #. .#r†#
..#...###..###.#.# #. #.##.
#####..........l@# #. ##.###
..#...###..###oY## #.#####...##
..#.#...........######...........
#...###.###..Y......#...####...##
#.#.# #.# #.o.......###.#####r##
#.#.###.###....o#.....r.rr.Yr.#
#...Y....Y.......#..#..Y#######
#.#.###o####..........##
.....o..# #....>.....


You could see 3 death yaks, a wyvern, an orc priest and 2 orcs.

Vanquished Creatures
  Erica (D:8)
  Sigmund (D:4)
  A steam dragon (D:7)
  A porcupine (D:8)
  2 phantoms
  2 ogres
  6 centaurs
  3 bullfrogs
  2 gnoll sergeants
  A scorpion (D:4)
  5 killer bees
  9 wights
  2 crimson imps (D:5)
  5 hounds
  A quasit (D:7)
  2 bullfrog zombies
  A centaur zombie (D:5)
  A jelly (D:7)
  7 orc priests
  5 orc wizards
  2 bullfrog skeletons (D:7)
  Terence (D:2)
  An iguana (D:7)
  7 worker ants
  A hell rat (D:8)
  A killer bee zombie (D:5)
  2 hound zombies
  A worker ant zombie (D:5)
  8 gnolls
  7 adders
  2 shadow imps (D:7)
  3 oozes
  An adder skeleton (D:8)
  An adder zombie (D:5)
  2 dart slugs (D:4)
  A leopard gecko (D:4)
  23 orcs
  11 bats
  5 giant cockroaches
  12 goblins
  5 hobgoblins
  19 jackals
  8 quokkas
  2 ball pythons (D:3)
  6 frilled lizards
  2 giant cockroach zombies (D:5)
  A jackal zombie (D:5)
  9 kobolds
  A leopard gecko zombie (D:5)
  A quokka skeleton (D:4)
  5 rats
209 creatures vanquished.

Vanquished Creatures (others)
  A plant (D:3)
1 creature vanquished.

Grand Total: 210 creatures vanquished

Notes
Turn   | Place    | Note
-------+----------+-------------------------------------------
     0 | D:1      | Mesmaeker13 the Draconian Fire Elementalist began the quest for the Orb.
     0 | D:1      | Reached XP level 1. HP: 14/14 MP: 3/3
   441 | D:1      | Reached XP level 2. HP: 16/20 MP: 0/5
  1430 | D:1      | Reached XP level 3. HP: 26/26 MP: 4/6
  1591 | D:1      | Learned a level 2 spell: Throw Flame
  1934 | D:2      | Reached skill level 2 in Conjurations
  2295 | D:2      | Noticed Terence
  2313 | D:2      | Killed Terence
  2313 | D:2      | Reached XP level 4. HP: 20/33 MP: 0/7
  3931 | D:3      | Found a shimmering altar of Xom.
  4119 | D:3      | Reached skill level 1 in Shields
  4119 | D:3      | Reached XP level 5. HP: 38/38 MP: 2/8
  4158 | D:3      | Reached skill level 3 in Conjurations
  4393 | D:3      | Learned a level 3 spell: Conjure Flame
  5062 | D:4      | Found a blossoming altar of Fedhas.
  5067 | D:4      | Reached XP level 6. HP: 45/45 MP: 6/9
  5426 | D:4      | Reached skill level 4 in Conjurations
  5953 | D:4      | Noticed Sigmund
  5967 | D:4      | Killed Sigmund
  5967 | D:4      | Reached skill level 5 in Fire Magic
  5967 | D:4      | Your scales start taking on an icy white colour.
  5967 | D:4      | Reached XP level 7. HP: 34/50 MP: 3/10
  5967 | D:4      | Gained mutation: Your flesh is cold resistant. (rC+) [White Draconian growth]
  6589 | D:5      | Entered Level 5 of the Dungeon
  6964 | D:5      | Reached skill level 5 in Conjurations
  6976 | D:4      | Found a staircase to the Ecumenical Temple.
  6981 | Temple   | Entered the Ecumenical Temple
  6994 | Temple   | Became a worshipper of Sif Muna the Loreminder
  7171 | D:5      | Found a burning altar of Makhleb.
  7448 | D:5      | Reached XP level 8. HP: 51/57 MP: 5/11
  7661 | D:5      | Reached skill level 5 in Fire Magic
  7845 | D:6      | Noticed Oakoak's ghost (novice SpCj)
  8058 | D:5      | Reached skill level 5 in Shields
  9012 | D:6      | Reached skill level 6 in Conjurations
  9105 | D:6      | Reached * piety under Sif Muna
  9928 | D:7      | Reached XP level 9. HP: 62/62 MP: 4/15
 10674 | D:7      | Reached skill level 7 in Conjurations
 10841 | D:7      | Found a hide-covered altar of Uskayaw.
 11499 | D:8      | Noticed a death yak
 11515 | D:8      | Reached skill level 5 in Spellcasting
 11565 | D:8      | Noticed Erica
 11580 | D:8      | Killed Erica
 11580 | D:8      | Reached ** piety under Sif Muna
 11580 | D:8      | Reached skill level 8 in Conjurations
 12667 | D:7      | Reached XP level 10. HP: 50/69 MP: 12/19
 13368 | D:8      | Noticed a death yak
 13399 | D:8      | Noticed a death yak
 13410 | D:8      | Found a staircase to the Lair.
 13414 | D:8      | HP: 1/69 [orc/hand axe (7)]
 13417 | D:8      | Demolished by a wyvern

Skill      XL: |  1  2  3  4  5  6  7  8  9 |
---------------+----------------------------+-----
Dodging        | 2 3 4 |  4.8
Conjurations   | 2 3 4 5 6 8 |  8.4
Shields        | 1 2 3 4 6 7 |  7.0
Fire Magic     | 4 4 5 |  5.0
Spellcasting   | 4 6 |  6.2
Stealth        | |  1.7

Action                   |  1- 3 |  4- 6 |  7- 9 | 10-12 || total
-------------------------+-------+-------+-------+-------++-------
Melee: Short sword       |    49 |    24 |       |       ||    73
       Unarmed           |     3 |       |       |       ||     3
       Tailslap          |     6 |     2 |     5 |     2 ||    15
       Club              |       |    33 |       |       ||    33
       Spear             |       |    44 |    89 |       ||   133
       Staff             |       |       |    11 |       ||    11
       Dagger            |       |       |     1 |       ||     1
       Scimitar          |       |       |     2 |     5 ||     7
 Cast: Flame Tongue      |    70 |    72 |   289 |    37 ||   468
       Throw Flame       |     1 |     4 |    35 |     9 ||    49
 Abil: Breathe Frost     |       |       |     8 |       ||     8
  Use: Scroll            |     3 |     4 |     2 |       ||     9
       Potion            |       |       |     2 |       ||     2
  Eat: Chunk             |     5 |    13 |    36 |     1 ||    55
       Fruit             |       |     1 |       |       ||     1
       Bread ration      |       |       |     1 |       ||     1
Armor: Skin              |    37 |    24 |   102 |     3 ||   166
Dodge: Dodged            |    61 |    80 |   181 |    24 ||   346
Block: Buckler           |       |       |    46 |    11 ||    57
       Rpst.: Scimitar   |       |       |     8 |    11 ||    19
